 Dungeon Crawl Stone Soup version 0.28.0 (webtiles) character file.

Game seed: 3800327095401788134

2013 DrunkBamboolord the Thaumaturge (level 9, -6/45 HPs)
             Began as a Deep Elf Necromancer on Feb 7, 2022.
             Mangled by an orc warrior (15 damage)
             ... on level 7 of the Dungeon.
             The game lasted 00:16:03 (7873 turns).

DrunkBamboolord the Thaumaturge (DENe)              Turns: 7873, Time: 00:16:04

Health: -6/45      AC:  9    Str:  7    XL:     9   Next: 2%
Magic:  13/25      EV: 19    Int: 25    God:
Gold:   245        SH:  5    Dex: 15    Spells: 15/28 levels left

rFire   . . .      SeeInvis .   b - +7 mace "Waagg" {venom, rC++ Str+2}
rCold   + + .      Faith    .   (no shield)
rNeg    . . .      Spirit   .   m - +2 robe {Will+}
rPois   .          Reflect  +   c - +1 helmet
rElec   .          Harm     .   y - +0 cloak
rCorr   .          Rampage  .   (no gloves)
Will    +....                   w - +1 pair of boots
Stlth   ++........              s - amulet of reflection
HPRegen 0.15/turn               g - +4 ring of evasion
MPRegen 0.19/turn               G - ring of wizardry

@: no status effects
A: no striking features
a: no special abilities


You were on level 7 of the Dungeon.
You visited 2 branches of the dungeon, and saw 8 of its levels.

You collected 245 gold pieces.

Inventory:

Hand Weapons
 a - a +0 dagger
 b - the +7 mace "Waagg" (weapon) {venom, rC++ Str+2}
   (You found it on level 4 of the Dungeon)

   It poisons the flesh of those it strikes.
   Str:       It affects your strength (+2).
   rC:        It greatly protects you from cold.
 x - a +2 quarterstaff of chaos
Armour
 c - a +1 helmet (worn)
 m - a +2 robe of willpower (worn)
 w - a +1 pair of boots (worn)
 y - a +0 cloak (worn)
 H - a +0 troll leather armour
Jewellery
 g - a +4 ring of evasion (left hand)
 s - an amulet of reflection (around neck)
 u - a ring of protection from cold
 G - a ring of wizardry (right hand)
Wands
 C - a wand of acid (11)
Scrolls
 d - 2 scrolls of fear
 e - 4 scrolls of teleportation
 h - a scroll of vulnerability
 k - a scroll of amnesia
 l - 4 scrolls of immolation
 p - 2 scrolls of enchant armour {unknown}
 r - a scroll of magic mapping {unknown}
 t - 2 scrolls of torment {unknown}
 v - 2 scrolls of noise {unknown}
 B - a scroll of fog {unknown}
 D - a scroll of brand weapon {unknown}
 I - a scroll of summoning {unknown}
Potions
 f - 2 potions of resistance
 i - a potion of degeneration {unknown}
 j - 2 potions of curing
 n - 3 potions of flight
 o - a potion of invisibility {unknown}
 q - a potion of might {unknown}
 z - 2 potions of mutation {unknown}
 A - 2 potions of haste {unknown}
 E - a potion of attraction {unknown}
 F - a potion of lignification {unknown}
 J - a potion of heal wounds
 K - 2 potions of brilliance {unknown}


   Skills:
 - Level 3.0 Short Blades
 * Level 6.3 Dodging
 + Level 3.6 Stealth
 * Level 10.0 Spellcasting
 * Level 9.5 Necromancy


You had 15 spell levels left.
You knew the following spells:

 Your Spells              Type           Power      Damage    Failure   Level
a - Pain                  Necr           100%       1d9       1%          1
c - Vampiric Draining     Necr           56%        2d10      1%          3
d - Animate Dead          Necr           28%        N/A       1%          4
e - Agony                 Necr           56%        N/A       1%          5

Your spell library contained the following spells:

 Spells                   Type           Power      Damage    Failure   Level
 Animate Skeleton         Necr           100%       N/A       1%          1
 Poisonous Vapours        Pois/Air       24%        N/A       3%          2
 Portal Projectile        Hex/Tloc       24%        N/A       6%          3
 Manifold Assault         Tloc           12%        N/A       45%         5


Dungeon Overview and Level Annotations

Branches:
Dungeon (7/15)             Temple (1/1) D:5

Altars:
Ashenzari
Dithmenos
Elyvilon
Fedhas
Gozag
Hepliaklqana
Makhleb
Nemelex Xobeh
Okawaru
Qazlal
Ru
Sif Muna
Trog
Uskayaw
Vehumet
Xom
Yredelemnul
Zin

Shops:
D:5 (

Annotations:
D:6 2 runed translucent doors, nogo's ghost, weakling HODe


Message History

Your Spellcasting skill increases to level 10!
Aiming: Pain (safe; 1% risk of failure)
Press: ? - help, Q - select action, (/) - cycle Shift-Dir - straight line, f - orc warrior
Aim: an orc warrior, wielding a +0 glaive and wearing a +0 plate armour (chance to affect: 83%)
The orc warrior barely resists.
The orc warrior barely misses you.
An orc wizard comes into view. It is wielding a +0 dagger.
You block the orc warrior's attack.
Aiming: Pain (safe; 1% risk of failure)
Press: ? - help, Q - select action, (/) - cycle Shift-Dir - straight line, f/p - orc warrior
Aim: an orc warrior, wielding a +0 glaive and wearing a +0 plate armour (chance to affect: 83%)
The orc warrior writhes in agony!
The orc warrior hits you but does no damage.
Aiming: Pain (safe; 1% risk of failure)
Press: ? - help, Q - select action, (/) - cycle Shift-Dir - straight line, f/p - orc warrior
Aim: an orc warrior, wielding a +0 glaive and wearing a +0 plate armour (moderately wounded, chance to affect: 83%)
The orc warrior barely resists.
The orc warrior hits you with a +0 glaive!!
Casting: Pain (safe; 1% risk of failure)
Confirm with . or Enter, or press ? or * to list all spells.
Aiming: Vampiric Draining (safe; 1% risk of failure)
Press: ? - help, Shift-Dir - straight line, f/p - orc warrior
Aim: an orc warrior, wielding a +0 glaive and wearing a +0 plate armour (moderately wounded)
You draw life force from the orc warrior!
You feel life coursing into your body. The orc warrior completely misses you.
The orc wizard gestures wildly while chanting.
The orc wizard flickers and vanishes!
Deactivating autopickup; reactivate with Ctrl-A.
Casting: Vampiric Draining (safe; 1% risk of failure)
Confirm with . or Enter, or press ? or * to list all spells.
Aiming: Vampiric Draining (safe; 1% risk of failure)
Press: ? - help, Shift-Dir - straight line, f/p - orc warrior
Aim: an orc warrior, wielding a +0 glaive and wearing a +0 plate armour (heavily wounded)
You draw life force from the orc warrior.
You feel life coursing into your body.
The orc warrior hits you with a +0 glaive!!
* * * LOW HITPOINT WARNING * * *
You block the orc warrior's attack.
The orc warrior hits you from afar with a +0 glaive!
You die...

#...# .... .(#
#o##### #{#...#
#o#.#.# #o#.#.#
#.#.#.# #.@.#.#
#####.# # #...#.#
##### # #.#.#.#
#...# ## #.#.#.#
#.#.# #. #. ### ##
#.#.#.# ####.#.###.
#.###.. ...
#.#...###....#.....
#.#...##...
#.#####...#######..
#........#
#.#...###....#.....


You could see an orc warrior, an orc wizard and an orc.

Vanquished Creatures
  A troll (D:6)
  Sigmund (D:2)
  An ice beast (D:6)
  2 sky beasts
  A necrophage (D:5)
  2 ogres
  4 centaurs
  A scorpion (D:6)
  A water moccasin skeleton (D:7)
  A bullfrog zombie (D:5)
  4 jellies
  2 hounds
  2 orc priests
  3 bullfrog skeletons (D:5)
  2 centaur skeletons
  Crazy Yiuf (D:4)
  An iguana (D:4)
  An orc wizard (D:5)
  A hound skeleton (D:5)
  3 gnolls (D:7)
  7 adders
  3 shadow imps
  A white imp (D:7)
  2 ufetubi
  A worm (D:2)
  2 dart slugs (D:3)
  5 orcs
  11 endoplasms
  2 giant cockroaches
  5 goblins
  5 hobgoblins
  3 jackals (D:1)
  6 ball pythons
  7 bats
  3 frilled lizards
  2 kobolds
  4 rats
104 creatures vanquished.

Vanquished Creatures (others)
  3 fungi (D:4)
3 creatures vanquished.

Grand Total: 107 creatures vanquished

Notes
Turn   | Place    | Note
-------+----------+-------------------------------------------
     0 | D:1      | DrunkBamboolord the Deep Elf Necromancer began the quest
                  | for the Orb.
     0 | D:1      | Reached XP level 1. HP: 10/10 MP: 6/6
     6 | D:1      | Learned a level 1 spell: Animate Skeleton
    74 | D:1      | Reached skill level 5 in Necromancy
   548 | D:1      | Reached XP level 2. HP: 12/15 MP: 5/8
   893 | D:1      | Found a faded altar of an unknown god.
  1867 | D:2      | Reached XP level 3. HP: 18/19 MP: 7/9
  1871 | D:2      | Learned a level 3 spell: Vampiric Draining
  2120 | D:2      | Noticed Sigmund
  2129 | D:2      | Killed Sigmund
  2130 | D:2      | Reached skill level 1 in Short Blades
  2130 | D:2      | Reached skill level 5 in Spellcasting
  2130 | D:2      | Reached XP level 4. HP: 21/24 MP: 2/13
  2130 | D:2      | Reached XP level 5. HP: 25/28 MP: 2/14
  2471 | D:3      | Found a hazy altar of Hepliaklqana.
  2886 | D:2      | Reached XP level 6. HP: 25/32 MP: 16/16
  2969 | D:3      | Learned a level 4 spell: Animate Dead
  2975 | D:3      | Learned a level 5 spell: Agony
  3693 | D:4      | Reached skill level 6 in Spellcasting
  4315 | D:4      | Found a runed translucent door.
  4316 | D:4      | Noticed Crazy Yiuf
  4325 | D:4      | Killed Crazy Yiuf
  4330 | D:4      | Identified the +7 mace "Waagg" {venom, rC++ Str+2}
  4542 | D:5      | Entered Level 5 of the Dungeon
  4723 | D:5      | Reached XP level 7. HP: 23/36 MP: 6/18
  4858 | D:5      | Found Erigocio's Antique Weapon Emporium.
  4929 | D:5      | Found a staircase to the Ecumenical Temple.
  4942 | Temple   | Entered the Ecumenical Temple
  5352 | D:5      | Reached skill level 7 in Spellcasting
  5917 | D:6      | Found a large runed translucent door.
  6244 | D:5      | Reached skill level 5 in Dodging
  6244 | D:5      | Reached skill level 8 in Spellcasting
  6244 | D:5      | Reached XP level 8. HP: 40/41 MP: 22/22
  6280 | D:6      | Got Sif Muna's Incunabulum of the Voyage and Flight
  6424 | D:6      | Noticed a troll
  6435 | D:6      | Killed a troll
  6543 | D:6      | Reached skill level 9 in Spellcasting
  6986 | D:6      | Found a large runed translucent door.
  6989 | D:6      | Noticed nogo's ghost (weakling HODe)
  7773 | D:7      | Reached XP level 9. HP: 45/45 MP: 17/24
  7865 | D:7      | Reached skill level 10 in Spellcasting
  7873 | D:7      | Mangled by an orc warrior

Illustrated notes

Levels and vault maps discovered:
D:1:      evilmike_arrival_crescent, layout_basic,
          shapermc_ecumenical_altar_notcrosses
D:2:      layout_rooms, uniq_sigmund
D:3:      layout_rooms, nicolae_hepliaklqana_hippocampus,
          chequers_serial_rivers_marsh
D:4:      layout_basic, uniq_crazy_yiuf_cottage
D:5:      layout_basic, minmay_temple_entry_arrows, serial_shops, shop
D:6:      layout_cave_pools, ebering_ghost_disaster_area,
          chequers_serial_rivers_small_3
D:7:      layout_loops_corners, roderic_serpentine_path, minmay_misc_feat_tower,
          chequers_hall_statues_corner_a, minmay_misc_feat_diagonals,
          chequers_serial_rivers_micro_b, kennysheep_generic_room_10
Temple:   minmay_temple_bridge_d

Skill      XL: |  1  2  3  4  5  6  7  8  9 |
---------------+----------------------------+-----
Necromancy     | 5 6 7 8 9 |  9.5
Short Blades   | 1 2 3 |  3.0
Dodging        | 3 4 5 6 |  6.3
Spellcasting   | 5 6 8 9 10 | 10.0
Stealth        | 3 |  3.6

Action                   |  1- 3 |  4- 6 |  7- 9 || total
-------------------------+-------+-------+-------++-------
Melee: Dagger            |       |    54 |    27 ||    81
       Punch             |       |     2 |     2 ||     4
       Mace              |       |     5 |    85 ||    90
       Quarterstaff      |       |     4 |       ||     4
 Cast: Pain              |    62 |    80 |    34 ||   176
       Vampiric Draining |     1 |     3 |    10 ||    14
       Animate Skeleton  |       |     1 |       ||     1
  Use: Scroll            |     4 |     3 |     2 ||     9
       Potion            |       |     1 |       ||     1
 Stab: Sleeping          |       |       |     3 ||     3
Armor: Robe              |     3 |    31 |    51 ||    85
Dodge: Dodged            |    15 |   114 |   122 ||   251
Block: Other             |       |    35 |    45 ||    80
       Reflection        |       |       |     3 ||     3
